 Dungeon Crawl Stone Soup version 0.29-a0-356-g7bc237e783 (webtiles) character file.

Game seed: 2977637329561110217

91 spaghetti the Ogre Mage (level 4, 0/39 HPs)
             Began as an Ogre Conjurer on Apr 25, 2022.
             Slain by a centaur (5 damage)
             ... on level 3 of the Dungeon.
             The game lasted 00:03:21 (3056 turns).

spaghetti the Ogre Mage (Ogre Conjurer)             Turns: 3056, Time: 00:03:22

Health: 0/39       AC:  3    Str: 11    XL:     4   Next: 59%
Magic:  9/10       EV:  9    Int: 21    God:
Gold:   142        SH:  0    Dex:  7    Spells: 11/12 levels left

rFire   . . .      SeeInvis .   r - +0 short sword (venom) {short}
rCold   . . .      Faith    .   m - orb {*channel}
rNeg    . . .      Spirit   .   a - +0 robe
rPois   .          Reflect  .   (helmet restricted)
rElec   .          Harm     .   (no cloak)
rCorr   .          Rampage  .   (gloves unavailable)
Will    .....                   (boots unavailable)
Stlth   +.........              (no amulet)
HPRegen 0.13/turn               (no ring)
MPRegen 0.12/turn               (no ring)

@: no status effects
A: large, unfitting armour, tough skin 1
a: no special abilities


You were on level 3 of the Dungeon.
You visited 1 branch of the dungeon, and saw 3 of its levels.

You collected 142 gold pieces.


Innate Abilities, Weirdness & Mutations

You are too large for most types of armour.
You have tough skin. (AC +1)


   Skills:
 * Level 0.7 Throwing
 - Level 1.7 Dodging
 - Level 1.4 Stealth
 + Level 4.6 Spellcasting
 - Level 3.6 Conjurations
 + Level 1.2 Evocations


You had 11 spell levels left.
You knew the following spells:

 Your Spells              Type           Power      Damage    Failure   Level
a - Magic Dart            Conj           80%        1d7       2%          1

Your spell library contained the following spells:

 Spells                   Type           Power      Damage    Failure   Level
 Searing Ray              Conj           40%        2d5       3%          2
 Beastly Appendage        Tmut           8%         N/A       12%         1
 Dazzling Flash           Conj/Hex       24%        N/A       16%         3
 Wereblood                Tmut           4%         N/A       17%         2
 Call Canine Familiar     Summ           4%         N/A       34%         3
 Portal Projectile        Hex/Tloc       8%         N/A       34%         3
 Spider Form              Tmut/Pois      4%         N/A       34%         3
 Fulminant Prism          Conj/Hex       6%         3d7       47%         4
 Iskenderun's Mystic Bla  Conj/Tloc      12%        2d5       47%         4
 Leda's Liquefaction      Hex/Erth       2%         N/A       75%         4

Inventory:

Hand Weapons
 f - a +0 dagger {short}
   (You took it off a goblin on level 1 of the Dungeon)
 g - a +0 hunting sling {sling}
   (You found it on level 1 of the Dungeon)
 i - a +0 dagger {short}
   (You took it off a kobold on level 1 of the Dungeon)
 r - a +0 short sword of venom (weapon) {short}
   (You took it off a kobold on level 2 of the Dungeon)
Missiles
 d - 215 stones {throwing}
 p - 5 boomerangs {throwing}
 u - 3 large rocks {=fthrowing}
Armour
 a - a +0 robe (worn)
 m - an orb of energy (worn)
   (You found it on level 1 of the Dungeon)
Jewellery
 c - a ring of willpower
   (You found it on level 1 of the Dungeon)
 h - a ring of protection from cold
   (You found it on level 1 of the Dungeon)
Scrolls
 e - a scroll of silence {unknown}
 k - 2 scrolls of enchant weapon {unknown}
 n - a scroll of fear {unknown}
 q - a scroll of vulnerability {unknown}
 t - a scroll of teleportation {unknown}
 v - a scroll of magic mapping {unknown}
 x - a scroll of fog {unknown}
Potions
 b - 2 potions of attraction {unknown}
 j - a potion of ambrosia {unknown}
 l - 3 potions of curing {unknown}
 o - a potion of haste {unknown}
 s - 2 potions of brilliance {unknown}
 w - a potion of invisibility {unknown}

Dungeon Overview and Level Annotations

Branches:
Dungeon (3/15)

Altars:

###
..#################
#...[...........@.#
#################c#
#)# #.. #.. ....
..# .#


You could see a centaur (extremely poisoned).


Message History

Your mp is fully restored (10).
A rat is nearby!
A rat is nearby!
A rat is nearby!
The magic dart hits the rat.
You kill the rat! 😎 MP[-1]
You lost 1 mp, and now have 9/10 mp.
No target in view!
No target in view!
No target in view!
No target in view!
No target in view!
No target in view!
No target in view!
No target in view!
Key pressed, stopping explore.
Key pressed, stopping explore.
k - 2 scrolls labelled IMYHUPN PIOGH (gained 1)
x - a scroll labelled XODOFY ERIOTEFF 😎 MP[+1]
Your mp is fully restored (10).
You see here a +0 leather armour.
A goblin and a centaur come into view.
The centaur shouts!
There are monsters nearby!
The magic dart hits the goblin.
You kill the goblin!
The centaur wields a +0 shortbow.
The centaur shoots an arrow.
The arrow barely misses you. 😎 MP[-1]
You lost 1 mp, and now have 9/10 mp.
The magic dart hits the centaur.
The centaur shoots an arrow.
The arrow hits you!
You are too injured to fight recklessly!
You are too injured to fight recklessly! 😕 HP[-7] MP[-1]
You take 7 damage, and now have 32/39 hp.
You lost 1 mp, and now have 8/10 mp.
You are too injured to fight recklessly!
You are too injured to fight recklessly!
You are too injured to fight recklessly!
You are too injured to fight recklessly!
You are too injured to fight recklessly!
You are too injured to fight recklessly!
You are too injured to fight recklessly!
You are too injured to fight recklessly!
You are too injured to fight recklessly!
You are too injured to fight recklessly!
You are too injured to fight recklessly!
You are too injured to fight recklessly!
You are too injured to fight recklessly!
You are too injured to fight recklessly!
You are too injured to fight recklessly!
You are too injured to fight recklessly!
You are too injured to fight recklessly!
You are too injured to fight recklessly!
The centaur shoots an arrow.
The arrow hits you!
* * * LOW HITPOINT WARNING * * *
😨 HP[-13]
You take 13 damage, and now have 19/39 hp.
MASSIVE DAMAGE!! (PAUSE)
The centaur unwields a +0 shortbow.
The centaur barely misses you. The centaur kicks you.
* * * LOW HITPOINT WARNING * * *
The centaur closely misses you.
The centaur kicks you but does no damage. 😨 HP[-3]
You take 3 damage, and now have 16/39 hp.
You hit the centaur but do no damage.
The centaur is poisoned.
The centaur closely misses you.
The centaur kicks you but does no damage.
You hit the centaur. The centaur hits you.
* * * LOW HITPOINT WARNING * * *
The centaur barely misses you. x2; The centaur kicks you.
* * * LOW HITPOINT WARNING * * *
😨 HP[-2]
You take 2 damage, and now have 14/39 hp.
You closely miss the centaur. The centaur hits you.
* * * LOW HITPOINT WARNING * * *
The centaur kicks you but does no damage.
The centaur hits you.
* * * LOW HITPOINT WARNING * * *
The centaur kicks you but does no damage. 😱 HP[-7] MP[+1]
You take 7 damage, and now have 7/39 hp.
You hit the centaur but do no damage.
The centaur looks as sick as possible!
The centaur barely misses you. The centaur kicks you.
* * * LOW HITPOINT WARNING * * *
😱 HP[-1]
You take 1 damage, and now have 6/39 hp.
You barely miss the centaur.
The centaur hits you but does no damage.
The centaur kicks you but does no damage.
The centaur barely misses you. The centaur kicks you.
* * * LOW HITPOINT WARNING * * *
😱 HP[-1]
You take 1 damage, and now have 5/39 hp.
You closely miss the centaur. The centaur hits you.
You die...

Skill      XL: |  1  2  3 |
---------------+----------+-----
Spellcasting   | 3 4 |  4.6
Evocations     | 1 |  1.2
Throwing       | |  0.7
Dodging        | |  1.7
Stealth        | |  1.4
Conjurations   | |  3.6

Action                   |  1- 3 |  4- 6 || total
-------------------------+-------+-------++-------
Melee: Unarmed           |    19 |       ||    19
       Dagger            |    20 |       ||    20
       Short sword       |     2 |    18 ||    20
 Cast: Magic Dart        |    69 |    27 ||    96
  Use: Potion            |     1 |       ||     1
Armor: Robe              |    14 |    10 ||    24
Dodge: Dodged            |    17 |    13 ||    30

Levels and vault maps discovered:
D:1:      ldierk_walled_garden_2, layout_basic, chequers_serial_rivers_micro_c,
          supply_closet_lemuel, amcnicky_mini_rare_corridor_liquid, st_stairs_5,
          minmay_tromino_v7
D:2:      minmay_wonky_spiral, layout_basic, serial_forest,
          infiniplex_forest_lined_corner, infiniplex_forest_clump_long,
          infiniplex_forest_end_2, infiniplex_forest_split,
          infiniplex_forest_clump_cross,
          dreamdust_ecumenical_altar_hidden_monk_grotto
D:3:      layout_loops_ring

Notes
Turn   | Place    | Note
-------+----------+-------------------------------------------
     0 | D:1      | spaghetti the Ogre Conjurer began the quest for the Orb.
     0 | D:1      | Reached XP level 1. HP: 16/16 MP: 3/3
     0 | D:1      | magus.rc [v1.9.6]
   203 | D:1      | You pick up a book of the Hunter and begin reading...
   203 | D:1      | You add the spells Call Canine Familiar, Portal Projectile
                  | and Leda's Liquefaction to your library.
   233 | D:1      | Reached skill level 3 in Spellcasting
   258 | D:1      | Reached XP level 2. HP: 24/24 MP: 3/6
   315 | D:1      | HP: 6/24 [endoplasm (1)]
   739 | D:1      | Reached XP level 3. HP: 31/31 MP: 1/8
   886 | D:1      | Reached skill level 4 in Spellcasting
  1885 | D:2      | Reached skill level 1 in Evocations
  1885 | D:2      | Reached XP level 4. HP: 37/39 MP: 2/10
  2558 | D:2      | Found a faded altar of an unknown god.
  2699 | D:2      | You pick up a book of Changes and begin reading...
  2699 | D:2      | You add the spells Beastly Appendage, Wereblood and Spider
                  | Form to your library.
  3045 | D:3      | Noticed a centaur
  3053 | D:3      | HP: 7/39 [centaur (6)]
  3056 | D:3      | Slain by a centaur

Vanquished Creatures
  3 adders (D:2)
  A worm (D:2)
  2 dart slugs (D:1)
  2 bats
  7 endoplasms
  2 giant cockroaches
  4 goblins
  6 hobgoblins
  4 jackals (D:1)
  3 quokkas
  5 ball pythons
  5 frilled lizards
  5 kobolds
  4 rats
53 creatures vanquished.

Vanquished Creatures (others)
  5 plants
  4 toadstools (D:1)
9 creatures vanquished.

Grand Total: 62 creatures vanquished

Table legend:
 A = Non-vault XP
 B = Vault XP
 C = Vault XP percentage of total XP
 D = Non-vault monster count
 E = Vault monster count
 F = Vault count percentage of total count
                 A         B        C        D         E       F
            +---------+---------+-------+---------+---------+-------
      Total |     108 |      23 |  17.6 |      45 |       8 |  15.1
            +---------+---------+-------+---------+---------+-------
        D:1 |      49 |       6 |  10.9 |      26 |       4 |  13.3
        D:2 |      52 |      17 |  24.6 |      14 |       4 |  22.2
        D:3 |       7 |       0 |   0.0 |       5 |       0 |   0.0
            +---------+---------+-------+---------+---------+-------

Illustrated notes

Table legend:
 A = Kills in this place as a percentage of kills in entire the game.
 B = Kills by you in this place as a percentage of kills by you in the entire game.
 C = Kills by friends in this place as a percentage of kills by friends in the entire game.
 D = Other kills in this place as a percentage of other kills in the entire game.
 E = Experience gained in this place as a percentage of experience gained in the entire game.
 F = Experience gained in this place divided by the number of levels of this place that you have seen.
                   A       B       C       D       E      F
               +-------+-------+-------+-------+-------+----------------------
         Total | 100.0 | 100.0 |   N/A |   N/A | 100.0 |  43.7
       Dungeon | 100.0 | 100.0 |   N/A |   N/A | 100.0 |  43.7
               +-------+-------+-------+-------+-------+----------------------

Table legend: (Time is in decaauts)
 A = Elapsed time spent in this place.
 B = Non-inter-level travel time spent in this place.
 C = Inter-level travel time spent in this place.
 D = Time resting spent in this place.
 E = Time spent auto-exploring this place.
 F = Levels seen in this place.
 G = Mean time per level.
                   A        B        C        D        E       F      G
               +--------+--------+--------+--------+--------+-----+--------+
         Total |   3062 |   3030 |     32 |    255 |   2492 |   3 | 1020.7 |
       Dungeon |   3062 |   3030 |     32 |    255 |   2492 |   3 | 1020.7 |
               +--------+--------+--------+--------+--------+-----+--------+

Top non-repeatable levels by time:
     D:1: 1638 daAuts
     D:2: 1230 daAuts
     D:3: 193 daAuts
